 Dungeon Crawl Stone Soup version 0.31.0-11-ge490571c62 (webtiles) character file.

Game seed: 5090558171251149534

29 RancidPinata the Sneak (level 3, -2/24 HPs)
             Began as a Gargoyle Delver on Feb 4, 2024.
             Slain by a howler monkey (5 damage)
             ... on level 7 of the Dungeon.
             The game lasted 00:01:08 (116 turns).

RancidPinata the Sneak (Gargoyle Delver)             Turns: 116, Time: 00:01:08

Health: -2/24      AC:  6    Str: 16    XL:     3   Next: 16%
Magic:  3/3        EV: 12    Int:  9    God:
Gold:   0          SH:  0    Dex: 15    Spells: 2/2 levels left

rFire   . . .        a - +0 short sword
rCold   . . .        (no shield)
rNeg    + . .        b - +0 leather armour
rPois   ∞            (no helmet)
rElec   +            (no cloak)
rCorr   .            (no gloves)
SInv    .            (no boots)
Will    .....        (no amulet)
Stlth   +++          (no ring)
HPRegen 0.24/turn    (no ring)
MPRegen 0.08/turn

%: no passive effects
@: no status effects
A: sickness immunity, AC +3, negative energy resistance 1, electricity
resistance, torment resistance 1, petrification resistance, agile 1, inability
to read after injury 1
a: no special abilities


You were on level 7 of the Dungeon.
You visited 1 branch of the dungeon, and saw 4 of its levels.

Inventory:

Hand Weapons
 a - a +0 short sword (weapon)
Armour
 b - a +0 leather armour (worn)
Wands
 g - a wand of digging (3)
Scrolls
 c - a scroll of fog
 d - a scroll of revelation
 h - a scroll of acquirement {unknown}
Potions
 e - a potion of mutation
 f - a potion of haste
 i - 2 potions of curing {unknown}


   Skills:
 * Level 3.6 Fighting
 + Level 2.0 Short Blades
 * Level 1.2 Armour
 + Level 1.7 Dodging
 * Level 5.7 Stealth


You had 2 spell levels left.
You didn't know any spells.
Your spell library was empty.

Dungeon Overview and Level Annotations

Branches:
Dungeon (8/15)
 Temple: D:4-7         Lair: D:8-11

Altars:


Innate Abilities, Weirdness & Mutations

You are immune to sickness and miasma.
Your stone body is resilient. (AC +3)
You are immune to poison.
You resist negative energy. (rN+)
You are resistant to electric shocks. (rElec)
You are resistant to unholy torment.
You are immune to petrification.
You are agile. (Dex +4, Str/Int -1)
You occasionally lose the ability to read scrolls when taking damage.


Message History

You miss the hound.
The hound is severely wounded.
The hound misses you.
You barely miss the hound.
The hound is severely wounded.
The hound misses you.
The howler monkey hoots and howls with incredible vigour! x2
You hear a shout! x2
You closely miss the hound.
The hound is severely wounded.
The hound misses you. The hound closely misses you.
You hit the hound but do no damage.
The hound is severely wounded.
The hound barely misses you.
You hit the hound but do no damage.
The hound is severely wounded.
The hound barely misses you. The hound closely misses you.
You hit the hound.
The hound is almost dead.
The hound bites you.
* * * LOW HITPOINT WARNING * * *
You closely miss the hound.
The hound is almost dead.
The hound barely misses you.
You hit the hound.
You kill the hound!
Your Short Blades skill increases to level 2!
Your Armour skill increases to level 1!
You have reached level 2!
You have reached level 3!
Your experience leads to an increase in your attributes!
Increase (S)trength, (I)ntelligence, or (D)exterity?
You feel stronger. x2
It was a potion of mutation.
You feel extremely strange.
You occasionally lose the ability to read scrolls when taking damage.
You feel agile. The howler monkey barely misses you.
You barely miss the howler monkey. The howler monkey closely misses you.
The howler monkey hits you.
You die...

#.#.######
...#...h#
#..#....#
#...h...#
#..../..#
#.>....#
####
###....#
...
#....###.#
##.##hh@.#
#.##.####
#.##.#
#....#
######


You could see 2 howler monkeys.

Vanquished Creatures
  A hound (D:7)
1 creature vanquished.

Notes
Turn   | Place    | Note
-------+----------+-------------------------------------------
     0 | D:5      | RancidPinata the Gargoyle Delver began the quest for the
                  | Orb.
     0 | D:5      | Reached XP level 1. HP: 14/14 MP: 1/1
    30 | D:7      | Noticed a scorpion
    71 | D:7      | Noticed an ice beast
    78 | D:7      | Noticed a howler monkey
    78 | D:7      | Noticed a howler monkey
    78 | D:7      | Noticed a hound
   114 | D:7      | Killed a hound
   115 | D:7      | Reached skill level 1 in Armour
   115 | D:7      | Reached XP level 2. HP: 2/20 MP: 2/2
   115 | D:7      | Reached XP level 3. HP: 3/24 MP: 3/3
   115 | D:7      | Gained mutation: You occasionally lose the ability to read
                  | scrolls when taking damage. [potion of mutation]
   115 | D:7      | Gained mutation: You are agile. (Dex +4, Str/Int -1)
                  | [potion of mutation]
   116 | D:7      | Slain by a howler monkey

Illustrated notes

Levels and vault maps discovered:
D:5:      layout_loops_corners, temple_statues
D:6:      layout_basic, dancing_weapons_uskayaw, kennysheep_mini_moat,
          serial_shops, nicolae_shop_crystal, st_stairs_12, blue_anna_alchemist
D:7:      layout_basic, uniq_maurice
D:8:      layout_cave_pods, gammafunk_ghost_necromancy, st_stairs_10,
          grunt_ministairs_9, kennysheep_path_1, uniq_psyche, uniq_erica

Skill      XL: |  1 |
---------------+----+-----
Short Blades   | 2 |  2.0
Armour         | 1 |  1.2
Fighting       | |  3.6
Dodging        | |  1.7
Stealth        | |  5.7

Action                     || total
---------------------------++-------
  Melee: Short sword       ||    18
         Punch             ||     1
    Use: Scroll            ||     1
         Potion            ||     1
 Armour: Leather armour    ||    11
  Dodge: Dodged            ||    22
